 Dungeon Crawl Stone Soup version 0.29-a0-275-g389c0b56f3 (webtiles) character file.

Game seed: 12004697373825541320

2957 Morbidden the Ruffian (level 9, -1/84 HPs)
             Began as a Troll Conjurer on Mar 12, 2022.
             Was a Priest of Cheibriados.
             Slain by an orc warrior
             ... wielding a +0 trident
              (10 damage)
             ... in a bailey.
             The game lasted 00:14:51 (9307 turns).

Morbidden the Ruffian (Troll Conjurer)              Turns: 9307, Time: 00:14:52

Health: -1/84      AC:  9    Str: 24    XL:     9   Next: 52%
Magic:  20/22      EV: 11    Int: 25    God:    Cheibriados [***...]
Gold:   520        SH:  0    Dex: 15    Spells: 5/15 levels left

rFire   . . .      SeeInvis .     - Unarmed
rCold   + . .      Faith    .   (no shield)
rNeg    . . .      Spirit   .   J - +2 robe {rC+}
rPois   +          Reflect  .   (helmet restricted)
rElec   .          Harm     .   t - +2 cloak
rCorr   .          Rampage  .   (gloves unavailable)
Will    .....                   (boots unavailable)
Stlth   ++........              (no amulet)
HPRegen 1.04/turn               F - ring of magical power
MPRegen 0.18/turn               y - ring of poison resistance

@: very slow
A: large, unfitting armour, claws 3, regeneration 1, shaggy fur 1, tough skin 1
a: Renounce Religion, Bend Time, Temporal Distortion


You were in a bailey.
You worshipped Cheibriados.
Cheibriados was most pleased with you.
You visited 2 branches of the dungeon, and saw 9 of its levels.
You also visited: Bailey.

You collected 520 gold pieces.

Inventory:

Hand Weapons
 b - the +11 falchion of Defence by Offence {vorpal, SInv}
   (You found it on level 5 of the Dungeon)

   It inflicts extra damage upon your enemies.
   SInv:      It lets you see invisible.
Missiles
 m - a boomerang
 q - a throwing net
 G - 5 javelins (quivered)
 H - 6 poisoned darts
Armour
 t - a +2 cloak (worn)
 J - a +2 robe of cold resistance (worn)
Jewellery
 c - a ring of protection from fire
 y - a ring of poison resistance (right claw)
 F - a ring of magical power (left claw)
Wands
 z - a wand of paralysis (12)
 A - a wand of flame (15)
 D - a wand of polymorph (1)
 I - a wand of digging (4)
Scrolls
 e - a scroll of fog
 f - a scroll of noise
 g - a scroll of fear
 k - 3 scrolls of teleportation
 n - a scroll of enchant armour
 r - a scroll of immolation
 v - a scroll of torment
 w - a scroll of silence
 x - 3 scrolls of blinking
 C - a scroll of amnesia
Potions
 a - a potion of brilliance {unknown}
 h - a potion of cancellation {unknown}
 i - 3 potions of haste
 j - 3 potions of might
 l - 2 potions of flight {unknown}
 o - 2 potions of curing {unknown}
 p - 2 potions of mutation {unknown}
 s - a potion of ambrosia {unknown}
 B - a potion of magic
 E - 4 potions of attraction {unknown}


   Skills:
 * Level 3.7 Fighting
 - Level 1.1 Throwing
 * Level 4.5 Dodging
 + Level 2.2 Stealth
 * Level 5.5 Unarmed Combat
 * Level 3.7 Spellcasting
 + Level 4.4 Conjurations
 * Level 2.6 Transmutations
 * Level 2.3 Air Magic


You had 5 spell levels left.
You knew the following spells:

 Your Spells              Type           Power      Damage    Failure   Level
a - Magic Dart            Conj           100%       1d8       1%          1
b - Searing Ray           Conj           52%        2d6       2%          2
c - Storm Form            Tmut/Air       8%         N/A       100%        7

Your spell library contained the following spells:

 Spells                   Type           Power      Damage    Failure   Level
 Mephitic Cloud           Conj/Pois/Air  15%        N/A       11%         3
 Dazzling Flash           Conj/Hex       30%        N/A       12%         3
 Call Imp                 Summ           4%         N/A       14%         2
 Ensorcelled Hibernation  Hex/Ice        8%         N/A       14%         2
 Spider Form              Tmut/Pois      11%        N/A       16%         3
 Ignite Poison            Fire/Tmut/Pois 9%         N/A       19%         3
 Fulminant Prism          Conj/Hex       7%         3d7       36%         4
 Iskenderun's Mystic Bla  Conj/Tloc      15%        2d5       36%         4
 Summon Lightning Spire   Summ/Air       10%        N/A       50%         4
 Anguish                  Hex/Necr       2%         N/A       67%         4
 Freezing Cloud           Conj/Ice/Air   7%         6-21      71%         5
 Maxwell's Capacitive Co  Air            8%         ∞         100%        8


Dungeon Overview and Level Annotations

Branches:
Dungeon (8/15)             Temple (1/1) D:5            Lair (0/6) D:8
 Bailey (1/1)

Altars:
Ashenzari
Cheibriados
Dithmenos
Elyvilon
Fedhas
Gozag
Hepliaklqana
Kikubaaqudgha
Makhleb
Nemelex Xobeh
Okawaru
Qazlal
Ru
Sif Muna
Trog
Uskayaw
Wu Jian
Xom
Yredelemnul
Zin
The Shining One

Annotations:
D:5 1 runed translucent door, ouz's ghost, novice KoHu
D:8 Grum


Innate Abilities, Weirdness & Mutations

You are too large for most types of armour.
You have claws for hands.
Your natural rate of healing is unusually fast.
You are covered in fur. (AC +1)
You have tough skin. (AC +1)


Message History

Press: ? - help, Shift-Dir - straight line, f - orc warrior
Aim: an orc warrior, wielding a +0 halberd and wearing a +0 chain mail (chance to affect: 49%)
The orc warrior resists with some effort.
The orc warrior hits you from afar with a +0 trident!!
The orc warrior hits you with a +0 halberd!!
Unknown command.
You claw the orc warrior!
The orc warrior is moderately wounded.
Unknown command.
There's a creature in the doorway!
That's the wrong kind of item! (Use * to select it.) Evoke which item? (* to show all) (? for menu, Esc to quit)
Okay, then.
Aiming: Paralyse
Press: ? - help, Shift-Dir - straight line, f/p - orc warrior
Aim: an orc warrior, wielding a +0 halberd and wearing a +0 chain mail (moderately wounded, chance to affect: 49%)
The orc warrior suddenly stops moving!
The orc warrior hits you from afar with a +0 trident!!
* * * LOW HITPOINT WARNING * * *
Unknown command.
The helpless orc warrior fails to defend itself.
You mangle the orc warrior!!
The orc warrior is almost dead.
The orc warrior hits you but does no damage.
Unknown command.
Unknown command.
The helpless orc warrior fails to defend itself.
You scratch the orc warrior.
You kill the orc warrior!
The orc warrior hits you from afar with a +0 trident!!
* * * LOW HITPOINT WARNING * * *
Unknown command.
Unknown command.
Unknown command.
Aiming: Paralyse
Press: ? - help, Shift-Dir - straight line, f - orc warrior
Aim: an orc warrior, wielding a +0 trident and wearing a +0 ring mail (moderately wounded, strong, chance to affect: 49%)
The orc warrior resists with some effort.
The orc warrior hits you from afar with a +0 trident!
You die...

############ ###
##.∩..))..).## ....
#.....)#.....###### ..oo
#.....###....#....#..##..
#∩.....8.....)o)).'.(8o.o
#.....###...@#).o.#..##.o
#......#.....###### ..oo
##.∩........## ....
############ ###


You could see an orc warrior (strong).

Vanquished Creatures
  A wyvern (D:7)
  Eustachio (D:3)
  A steam dragon (D:8)
  Duvessa (D:4)
  2 water moccasins
  2 orc warriors
  4 wolves (D:8)
  2 phantoms
  2 centaurs (D:8)
  5 bullfrogs
  A scorpion (D:7)
  A necrophage (D:5)
  Dowan (D:4)
  2 howler monkeys (D:8)
  2 hounds
  2 jellies
  5 orc priests
  Ijyb (D:3)
  4 iguanas
  5 orc wizards
  17 gnolls
  7 adders
  A white imp (D:5)
  3 ufetubi
  2 worms
  2 dart slugs
  33 orcs
  2 ball pythons
  3 bats
  5 endoplasms
  3 giant cockroaches
  7 goblins
  6 hobgoblins
  6 jackals
  A quokka (D:2)
  A frilled lizard (D:2)
  8 kobolds
  3 rats
155 creatures vanquished.

Vanquished Creatures (others)
  6 plants (D:6)
6 creatures vanquished.

Grand Total: 161 creatures vanquished

Notes
Turn   | Place    | Note
-------+----------+-------------------------------------------
     0 | D:1      | Morbidden the Troll Conjurer began the quest for the Orb.
     0 | D:1      | Reached XP level 1. HP: 16/16 MP: 1/1
   278 | D:1      | Found a faded altar of an unknown god.
   350 | D:1      | Reached XP level 2. HP: 24/24 MP: 0/2
   839 | D:2      | Reached XP level 3. HP: 29/32 MP: 3/3
  1118 | D:2      | Learned a level 2 spell: Searing Ray
  1446 | D:2      | Reached skill level 1 in Unarmed Combat
  1725 | D:3      | Reached skill level 1 in Fighting
  1725 | D:3      | Reached XP level 4. HP: 41/41 MP: 1/5
  2224 | D:2      | Reached skill level 2 in Unarmed Combat
  2683 | D:3      | Reached XP level 5. HP: 48/48 MP: 1/6
  2864 | D:3      | Noticed Ijyb
  2886 | D:3      | Killed Ijyb
  3204 | D:4      | Noticed Eustachio
  3243 | D:3      | Killed Eustachio
  3244 | D:3      | Reached XP level 6. HP: 12/55 MP: 2/7
  3854 | D:4      | Reached skill level 3 in Unarmed Combat
  4149 | D:4      | Noticed Dowan
  4151 | D:4      | Noticed Duvessa
  4161 | D:4      | Killed Dowan
  4162 | D:4      | Reached skill level 1 in Throwing
  4174 | D:4      | Killed Duvessa
  4175 | D:4      | Reached XP level 7. HP: 20/66 MP: 1/9
  4249 | D:4      | Learned a level 7 spell: Storm Form
  4705 | D:4      | Found a shadowy altar of Dithmenos.
  4888 | D:5      | Entered Level 5 of the Dungeon
  4901 | D:5      | Identified the +11 falchion of Defence by Offence {vorpal,
                  | SInv}
  5149 | D:5      | Reached skill level 1 in Transmutations
  5354 | D:5      | Found a staircase to the Ecumenical Temple.
  5381 | Temple   | Entered the Ecumenical Temple
  5484 | Temple   | Became a worshipper of Cheibriados the Contemplative
  5587 | D:5      | Found a runed translucent door.
  5730 | D:5      | Reached skill level 4 in Unarmed Combat
  5919 | D:5      | Noticed ouz's ghost (novice KoHu)
  6076 | D:6      | Reached XP level 8. HP: 74/74 MP: 5/10
  6143 | D:6      | Reached skill level 1 in Air Magic
  6459 | D:6      | Reached * piety under Cheibriados
  7806 | D:7      | Reached ** piety under Cheibriados
  7922 | D:7      | Reached skill level 5 in Unarmed Combat
  8238 | D:7      | Reached XP level 9. HP: 22/83 MP: 10/12
  8976 | D:8      | Noticed Grum
  9018 | D:8      | Found a flagged portal.
  9044 | D:8      | Reached *** piety under Cheibriados
  9065 | Bailey   | Entered a bailey
  9307 | Bailey   | Slain by an orc warrior

Illustrated notes

Levels and vault maps discovered:
D:1:      dpeg_arrival_oval, layout_basic,
          shapermc_ecumenical_altar_mp_ritualfount, kennysheep_decorative_pillar
D:2:      layout_loops_ring, roderic_serpentine_path, minivault_24,
          supply_closet_lemuel, cheibrodos_gnoll_hut
D:3:      layout_loops_cross, uniq_ijyb
D:4:      layout_loops_corners, nicolae_overflow_hidden_temple,
          minmay_diced_spiral, uniq_eustachio, uniq_duvessa
D:5:      layout_basic, temple_fountains, ebering_ghost_inner_flame
D:6:      corexii_shack_village, layout_loops_ring, minmay_misc_feat_enclosed
D:7:      layout_loops_corners
D:8:      layout_rooms, lair_entry_dummy, enter_bailey_2,
          kennysheep_generic_room_8, uniq_grum
Temple:   regret_index_temple_sigil_plot
Bailey:   bailey_polearm_5, bailey

Skill      XL: |  1  2  3  4  5  6  7  8  9 |
---------------+----------------------------+-----
Conjurations   | 3 4 |  4.4
Unarmed Combat | 1 2 3 4 5 |  5.5
Fighting       | 1 2 3 |  3.7
Dodging        | 2 3 4 |  4.5
Spellcasting   | 2 3 |  3.7
Throwing       | 1 |  1.1
Transmutations | 1 2 |  2.6
Air Magic      | 1 2 |  2.3
Stealth        | 2 |  2.2

Action                   |  1- 3 |  4- 6 |  7- 9 || total
-------------------------+-------+-------+-------++-------
Melee: Unarmed           |    89 |    69 |   119 ||   277
       Punch             |     1 |       |     1 ||     2
       Falchion          |       |       |    12 ||    12
Throw: Boomerang         |     7 |    11 |       ||    18
       Javelin           |       |       |    12 ||    12
 Cast: Magic Dart        |    15 |    34 |    92 ||   141
       Searing Ray       |     3 |    13 |    48 ||    64
Evoke: Wand              |       |     1 |     3 ||     4
  Use: Potion            |       |     1 |     2 ||     3
       Scroll            |       |       |    12 ||    12
 Stab: Sleeping          |     1 |       |     3 ||     4
       Paralysed         |       |     9 |     2 ||    11
Armor: Robe              |    34 |    35 |    84 ||   153
Dodge: Dodged            |    59 |    62 |   116 ||   237

Table legend: (Time is in decaauts)
 A = Elapsed time spent in this place.
 B = Non-inter-level travel time spent in this place.
 C = Inter-level travel time spent in this place.
 D = Time resting spent in this place.
 E = Time spent auto-exploring this place.
 F = Levels seen in this place.
 G = Mean time per level.
                   A        B        C        D        E       F      G
               +--------+--------+--------+--------+--------+-----+--------+
         Total |  10073 |   9549 |    524 |    800 |   7159 |  10 | 1007.3 |
       Dungeon |   9670 |   9181 |    489 |    757 |   6942 |   8 | 1208.8 |
        Temple |    139 |    105 |     34 |      0 |     66 |   1 |  139.0 |
        Bailey |    264 |    264 |      0 |     43 |    151 |   1 |  264.0 |
               +--------+--------+--------+--------+--------+-----+--------+

Top non-repeatable levels by time:
     D:7: 1994 daAuts
     D:4: 1525 daAuts
     D:6: 1492 daAuts
     D:3: 1369 daAuts
     D:2: 1339 daAuts
     D:5: 1145 daAuts
     D:1: 650 daAuts
  Bailey: 264 daAuts
     D:8: 153 daAuts
  Temple: 139 daAuts
